 Dungeon Crawl Stone Soup version 0.32-a0-12-g7fc57aa741 (webtiles) character file.

Game seed: 12499366732599938942

45 Ivernyr the Shield-Bearer (level 3, -6/30 HPs)
             Began as a Formicid Fighter on Jan 14, 2024.
             Mangled by Terence
             ... wielding a +6 vampiric trident
              (11 damage)
             ... on level 2 of the Dungeon.
             The game lasted 00:02:51 (846 turns).

Ivernyr the Shield-Bearer (Formicid Fighter)         Turns: 846, Time: 00:02:51

Health: -6/30      AC: 10    Str: 22    XL:     3   Next: 90%
Magic:  3/3        EV:  8    Int:  7    God:
Gold:   65         SH: 10    Dex: 19    Spells: 2/2 levels left

rFire   . . .        a - +0 quarterstaff
rCold   . . .        c - +0 kite shield
rNeg    . . .        b - +0 scale mail
rPois   .            (helmet unavailable)
rElec   .            f - +1 cloak
rCorr   .            (no gloves)
SInv    +            k - +0 pair of boots
Will    .....        (no amulet) Stlth
                     e - +6 ring of dexterity
HPRegen 0.25/turn    (no ring)
MPRegen 0.08/turn

%: no passive effects
@: no status effects
A: permanent stasis, dig shafts and tunnels, antennae 3, four strong arms
a: Dig, Shaft Self


You were on level 2 of the Dungeon.
You visited 1 branch of the dungeon, and saw 2 of its levels.

You collected 65 gold pieces.

Inventory:

Hand Weapons
 a - a +0 quarterstaff (weapon)
Armour
 b - a +0 scale mail (worn)
 c - a +0 kite shield (worn)
 f - a +1 cloak (worn)
 k - a +0 pair of boots (worn)
Jewellery
 e - a +6 ring of dexterity (left hand)
Scrolls
 h - 2 scrolls of enchant armour {unknown}
 i - 3 scrolls of identify {unknown}
Potions
 d - a potion of might
 g - a potion of brilliance {unknown}
 j - 2 potions of resistance {unknown}
 l - a potion of curing {unknown}


   Skills:
 + Level 3.7 Fighting
 + Level 2.5 Staves
 + Level 3.8 Armour
 + Level 4.5 Shields


You had 2 spell levels left.
You didn't know any spells.
Your spell library contained the following spells:

 Spells                   Type           Power      Damage    Failure   Level
 Cigotuvi's Dreadful Rot  Necr/Alch/Air  0%         N/A       99%         2
 Dispel Undead            Necr           0%         3d6       100%        4
 Martyr's Knell           Necr/Summ      0%         N/A       100%        4
 Olgreb's Toxic Radiance  Alch           0%         N/A       100%        4
 Death Channel            Necr           0%         N/A       100%        6
 Ozocubu's Refrigeration  Ice            0%         4d7       100%        7
 Discord                  Hex            0%         N/A       100%        8


Dungeon Overview and Level Annotations

Branches:
Dungeon (2/15)

Altars:

Annotations:
D:2 Terence


Innate Abilities, Weirdness & Mutations

You cannot be hasted, slowed, berserked, paralysed or teleported.
You can dig through walls and to a lower floor.
You have a pair of large antennae on your head. (SInv)
Your four strong arms can wield two-handed weapons with a shield.


Message History

A bat comes into view.
The bat hits you but does no damage. The bat hits you but does no damage.
You barely miss the bat. You block the bat's attack. x2
You miss the bat. You block the bat's attack. x2
You hit the bat.
You kill the bat!
You sense a monster nearby.
An endoplasm comes into view.
Found a stone staircase leading down.
The endoplasm quivers.
Found a bubbling orange potion.
You sock the endoplasm!
You kill the endoplasm!
l - a bubbling orange potion Terence the Incautious comes into view.
He is wielding a +6 vampiric trident and wearing a +1 chain mail of cold resistance.
You see here a bubbling orange potion.
Terence is nearby!
You block Terence's attack.
You hit Terence.
Terence is moderately wounded.
Terence hits you with a +6 vampiric trident!
Terence draws strength from your wounds!
Terence hits you with a +6 vampiric trident.
You barely miss Terence. You block Terence's attack.
You hit Terence but do no damage. You block Terence's attack.
You barely miss Terence. Terence misses you.
You barely miss Terence.
Terence hits you with a +6 vampiric trident!
Terence hits you but does no damage.
You barely miss Terence.
Terence hits you with a +6 vampiric trident!
* * * LOW HITPOINT WARNING * * *
You thump Terence!
Terence is moderately wounded.
Terence hits you but does no damage.
Okay, then.
Terence hits you with a +6 vampiric trident!
You die...
Terence says, "Rest in peace."

..............#. #.#
.............. #.#
.###..#....#.. #.#
##.##....##. # ...
.........##. #.#.#
###....#.....
#.#.######..###...##
...##...#.............##
......@@..!............#
....#................###
.....................#
.....##..............#
..... #..............#
.... #..............#
... ##...>.........# #.#
##...........##
#.......######


You could see Terence.

Vanquished Creatures
  3 dart slugs (D:1)
  2 ball pythons
  3 endoplasms
  2 giant cockroaches (D:1)
  3 goblins
  7 hobgoblins (D:1)
  A quokka (D:1)
  9 bats
  A frilled lizard (D:1)
  3 kobolds
  A rat (D:1)
35 creatures vanquished.

Notes
Turn   | Place    | Note
-------+----------+-------------------------------------------
     0 | D:1      | Ivernyr the Formicid Fighter began the quest for the Orb.
     0 | D:1      | Reached XP level 1. HP: 18/18 MP: 1/1
    22 | D:1      | Reached XP level 2. HP: 15/24 MP: 2/2
   221 | D:1      | Reached XP level 3. HP: 21/29 MP: 3/3
   835 | D:2      | Noticed Terence
   846 | D:2      | Mangled by Terence

Illustrated notes

Levels and vault maps discovered:
D:1:      dpeg_arrival_windows_large_door, layout_rooms, st_stairs_4,
          minmay_misc_feat_doors, minmay_box_of_dots
D:2:      layout_rooms, hellmonk_ecumenical_altar_arch_garden,
          kennysheep_generic_room_4, uniq_terence

Action                     || total
---------------------------++-------
  Melee: Quarterstaff      ||   105
Ability: Shaft Self        ||     1
 Armour: Scale mail        ||   100
  Dodge: Dodged            ||    56
  Block: Buckler           ||    27
         Kite shield       ||    23

Table legend: (Time is in decaauts)
 A = Elapsed time spent in this place.
 B = Non-inter-level travel time spent in this place.
 C = Inter-level travel time spent in this place.
 D = Time resting spent in this place.
 E = Time spent auto-exploring this place.
 F = Levels seen in this place.
 G = Mean time per level.
                   A        B        C        D        E       F      G
               +--------+--------+--------+--------+--------+-----+--------+
         Total |    871 |    864 |      7 |     76 |    483 |   2 |  435.5 |
       Dungeon |    871 |    864 |      7 |     76 |    483 |   2 |  435.5 |
               +--------+--------+--------+--------+--------+-----+--------+

Top non-repeatable levels by time:
     D:1: 708 daAuts
     D:2: 162 daAuts
